[Event "European Online Club-ch-H 2021"]
[Site "Online"]
[Date "2021.03.27"]
[Round "4.8"]
[White "Laursen, Niels Norskov"]
[Black "Kusiak, Matej"]
[Result "1-0"]
[ECO "B30"]
[WhiteElo "2228"]
[BlackElo "2251"]
[Annotator "NA"]
[PlyCount "55"]
[EventDate "2021.03.27"]
[EventType "team-tourn"]
[EventCountry "NET"]
[SourceTitle "playchess.com"]
[Source "ChessBase"]
[SourceQuality "1"]
[TimeControl "900+5"]

1. e4 c5 2. Nf3 Nc6 3. Bb5 Qb6 4. Nc3 e6 5. Bxc6 Qxc6 6. O-O a6 7. a4 b6 8. d4 cxd4 9. Nxd4 Qc7 10. Re1 Bb7 11. Qd3 Nf6 12. e5 Nd5 13. Nxd5 Bxd5 14. Qg3 h5 15. h4 Bb7 16. c3 Rc8 17. Bf4 Qd8 18. Rad1 Rg8 19. Bg5 Be7 20. Bxe7 Qxe7 21. f4 g6 22. Nf3 Rc4 23. Ng5 f6 24. exf6 Qxf6 25. Qd3 Rc7 26. Qd6 Qd8 27. Rxe6+ dxe6 28. Qxd8# 1-0

[Event "European Online Club-ch-H 2021"]
[Site "Online"]
[Date "2021.03.27"]
[Round "4.9"]
[White "Vaisser, Anatoly"]
[Black "Parvanyan, Ashot"]
[Result "1-0"]
[ECO "A69"]
[WhiteElo "2501"]
[BlackElo "2436"]
[Annotator "ChessBase"]
[PlyCount "125"]
[EventDate "2021.03.27"]
[EventType "team-tourn"]
[EventCountry "NET"]
[SourceTitle "playchess.com"]
[Source "ChessBase"]
[SourceQuality "1"]
[TimeControl "900+5"]

1. d4 Nf6 2. c4 g6 3. Nc3 Bg7 4. e4 d6 5. f4 O-O 6. Nf3 c5 7. d5 e6 8. Be2 exd5 9. cxd5 Nbd7 10. O-O Re8 11. Nd2 c4 12. Kh1 b5 13. Nxb5 Nxe4 14. Nxe4 Rxe4 15. Bf3 Re7 16. Nxd6 Ba6 17. Ne4 c3 18. Nxc3 Bxf1 19. Qxf1 Rb8 20. f5 Re8 21. Ne4 Bxb2 22. Bxb2 Rxb2 23. fxg6 hxg6 24. Qc1 Rb4 25. Nd6 Rf8 26. a3 Rb3 27. Qd1 Nc5 28. Ne4 Rd3 29. Qc2 Nxe4 30. Bxe4 Qf6 31. Qc1 Rd4 32. Bf3 Rb8 33. Qc7 Rdb4 34. Rc1 Rb1 35. h3 Rxc1+ 36. Qxc1 Qd4 37. Qc7 Rb1+ 38. Kh2 Qg1+ 39. Kg3 Qe1+ 40. Kh2 a5 41. Qf4 Qc1 42. Qf6 Qg1+ 43. Kg3 Qe1+ 44. Kh2 Qe3 45. d6 Qd2 46. Be4 Rb3 47. Bxg6 fxg6 48. Qxg6+ Kh8 49. Qf6+ Kh7 50. Qf7+ Kh6 51. Qxb3 Qxd6+ 52. Qg3 Qd2 53. h4 Qb2 54. Qg5+ Kh7 55. Qxa5 Qb8+ 56. g3 Qb2+ 57. Kh3 Qe2 58. Qf5+ Kh8 59. h5 Qe1 60. Kh4 Qh1+ 61. Kg5 Qc1+ 62. Kg6 Qc8 63. Qxc8# 1-0

[Event "European Online Club-ch-H 2021"]
[Site "Online"]
[Date "2021.03.27"]
[Round "4.10"]
[White "Olsen, Filip Boe"]
[Black "Roux, Olivier"]
[Result "1/2-1/2"]
[ECO "A57"]
[WhiteElo "2379"]
[BlackElo "2156"]
[Annotator "NA"]
[PlyCount "154"]
[EventDate "2021.03.27"]
[EventType "team-tourn"]
[EventCountry "NET"]
[SourceTitle "playchess.com"]
[Source "ChessBase"]
[SourceQuality "1"]
[TimeControl "900+5"]

1. d4 c5 2. d5 Nf6 3. c4 b5 4. cxb5 a6 5. e3 g6 6. Nc3 d6 7. Nf3 Bg7 8. a4 O-O 9. Ra3 Nbd7 10. Be2 axb5 11. axb5 Bb7 12. O-O Rxa3 13. bxa3 Qa5 14. Qb3 Ra8 15. a4 Nb6 16. Bd2 Nbxd5 17. Bc4 Nxc3 18. Bxf7+ Kh8 19. Bxc3 Qxa4 20. Qxa4 Rxa4 21. Ra1 Rxa1+ 22. Bxa1 Ne4 23. Bxg7+ Kxg7 24. Be8 Kf6 25. Kf1 e6 26. Ke2 Ke7 27. Bc6 Bxc6 28. bxc6 d5 29. Ne5 Kd6 30. f4 Nf6 31. h3 Ng8 32. g4 Ne7 33. Nf7+ Kxc6 34. Ng5 h6 35. Nxe6 Kd6 36. Nd8 Ng8 37. Kd3 Kd7 38. Nb7 Kc6 39. Nd8+ Kd7 40. Nf7 Ke6 41. Ne5 g5 42. Nf3 gxf4 43. exf4 Nf6 44. Nh4 Ne4 45. Ke3 Kf6 46. Nf3 Nd6 47. Ne5 Ne4 48. h4 Ke6 49. Nf3 Nd6 50. Ne5 h5 51. gxh5 Kf5 52. h6 Kf6 53. h5 Nf5+ 54. Kf3 c4 55. Nd7+ Kf7 56. h7 Kg7 57. Nf6 c3 58. Ke2 d4 59. Kd3 Ne3 60. Ne4 Kxh7 61. Nxc3 Ng2 62. Nd5 Kh6 63. Kxd4 Kxh5 64. f5 Nh4 65. f6 Kg6 66. Ke5 Nf3+ 67. Ke6 Ng5+ 68. Ke7 Kf5 69. Nc7 Ke5 70. Ne8 Kf5 71. Nd6+ Kg6 72. Ne4 Nf7 73. Nd2 Nh6 74. Nf3 Ng8+ 75. Ke6 Nxf6 76. Ne5+ Kg5 77. Ng6 Kxg6 1/2-1/2

[Event "European Online Club-ch-H 2021"]
[Site "Online"]
[Date "2021.03.27"]
[Round "4.11"]
[White "Kirszenberg, Marc"]
[Black "Pajeken, Jakob Leon"]
[Result "0-1"]
[ECO "D27"]
[WhiteElo "2130"]
[BlackElo "2323"]
[Annotator "NA"]
[PlyCount "40"]
[EventDate "2021.03.27"]
[EventType "team-tourn"]
[EventCountry "NET"]
[SourceTitle "playchess.com"]
[Source "ChessBase"]
[SourceQuality "1"]
[TimeControl "900+5"]

1. d4 d5 2. c4 dxc4 3. e3 Nf6 4. Bxc4 e6 5. Nf3 c5 6. O-O Nc6 7. Nc3 a6 8. a4 Be7 9. dxc5 Qc7 10. h3 Bxc5 11. Qe2 O-O 12. Rd1 b6 13. Bd2 Bb7 14. Rac1 Rfd8 15. e4 Nd4 16. Nxd4 Rxd4 17. Bg5 Rxc4 18. Bxf6 gxf6 19. Rd3 Bxe4 20. Rg3+ Qxg3 0-1

[Event "European Online Club-ch-H 2021"]
[Site "Online"]
[Date "2021.03.27"]
[Round "4.12"]
[White "Arndt, Magnus"]
[Black "Moingt, Jean-Claude"]
[Result "1/2-1/2"]
[ECO "A45"]
[WhiteElo "2282"]
[BlackElo "2094"]
[Annotator "NA"]
[PlyCount "52"]
[EventDate "2021.03.27"]
[EventType "team-tourn"]
[EventCountry "NET"]
[SourceTitle "playchess.com"]
[Source "ChessBase"]
[SourceQuality "1"]
[TimeControl "900+5"]

1. d4 Nf6 2. Bg5 g6 3. Bxf6 exf6 4. c4 d5 5. cxd5 Qxd5 6. Nc3 Qd8 7. e3 Bd6 8. Bc4 O-O 9. Nf3 Nd7 10. Rc1 f5 11. O-O Nf6 12. Nb5 c6 13. Nxd6 Qxd6 14. Qb3 Ne4 15. Rfd1 b5 16. Bd3 Be6 17. Qc2 Bd5 18. Nd2 Nxd2 19. Rxd2 a5 20. a4 bxa4 21. Qxa4 Rfb8 22. Rc5 Rb4 23. Qa3 Rb3 24. Qa4 Rb4 25. Qa3 Rb3 26. Qa4 Rb4 1/2-1/2

[Event "European Online Club-ch-H 2021"]
[Site "Online"]
[Date "2021.03.27"]
[Round "4.13"]
[White "Kryvoruchko, Yuriy"]
[Black "Nagy, Gabor"]
[Result "1-0"]
[ECO "B47"]
[WhiteElo "2699"]
[BlackElo "2509"]
[Annotator "ChessBase"]
[PlyCount "115"]
[EventDate "2021.03.27"]
[EventType "team-tourn"]
[EventCountry "NET"]
[SourceTitle "playchess.com"]
[Source "ChessBase"]
[SourceQuality "1"]
[TimeControl "900+5"]

1. e4 c5 2. Nf3 Nc6 3. Nc3 e6 4. d4 cxd4 5. Nxd4 Qc7 6. g3 a6 7. Bg2 Nf6 8. O-O Nxd4 9. Qxd4 Bc5 10. Bf4 d6 11. Qd2 h6 12. Rad1 e5 13. Be3 Bb4 14. a3 Bxc3 15. bxc3 O-O 16. Qxd6 Qxc3 17. Bxh6 Bg4 18. Rd3 Qxc2 19. Bg5 Ne8 20. Qd5 Nc7 21. Rd2 Qc3 22. Qa2 Nb5 23. Be7 Be6 24. Qb2 Qxb2 25. Rxb2 Rfe8 26. Bb4 Rad8 27. f4 f6 28. fxe5 fxe5 29. Bf3 g6 30. Bd1 Bc4 31. Re1 Nd4 32. Ba5 Rd7 33. Rb6 Re6 34. Bg4 Rxb6 35. Bxb6 Be6 36. Bxd4 Bxg4 37. Bxe5 Rd1 38. Rxd1 Bxd1 39. Kf2 Kf7 40. Ke3 Ke6 41. Bc3 Bg4 42. Kf4 Bd1 43. Kg5 Kf7 44. Kf4 Ke6 45. h4 b5 46. g4 Be2 47. Kg5 a5 48. Kxg6 Bxg4 49. h5 Bf3 50. e5 b4 51. axb4 axb4 52. Bb2 Ke7 53. h6 Kf8 54. h7 Be4+ 55. Kh6 Bxh7 56. Kxh7 Kf7 57. Kh6 Ke6 58. Kg5 1-0

[Event "European Online Club-ch-H 2021"]
[Site "Online"]
[Date "2021.03.27"]
[Round "4.15"]
[White "Kuzubov, Yuriy"]
[Black "Glek, Igor"]
[Result "1/2-1/2"]
[ECO "C13"]
[WhiteElo "2642"]
[BlackElo "2475"]
[Annotator "ChessBase"]
[PlyCount "41"]
[EventDate "2021.03.27"]
[EventType "team-tourn"]
[EventCountry "NET"]
[SourceTitle "playchess.com"]
[Source "ChessBase"]
[SourceQuality "1"]
[TimeControl "900+5"]

1. e4 e6 2. d4 d5 3. Nc3 Nf6 4. Bg5 dxe4 5. Nxe4 Be7 6. Bxf6 gxf6 7. g3 f5 8. Nc3 Bf6 9. Nf3 Nc6 10. Bb5 O-O 11. Bxc6 bxc6 12. Qe2 c5 13. dxc5 Bb7 14. O-O Bxc3 15. bxc3 Qd5 16. Qd2 Qxf3 17. Qg5+ Kh8 18. Qf6+ Kg8 19. Qg5+ Kh8 20. Qf6+ Kg8 21. Qg5+ 1/2-1/2

[Event "European Online Club-ch-H 2021"]
[Site "Online"]
[Date "2021.03.27"]
[Round "4.16"]
[White "Ahn, Martin"]
[Black "Baklan, Vladimir"]
[Result "0-1"]
[ECO "B56"]
[WhiteElo "2171"]
[BlackElo "2587"]
[Annotator "ChessBase"]
[PlyCount "58"]
[EventDate "2021.03.27"]
[EventType "team-tourn"]
[EventCountry "NET"]
[SourceTitle "playchess.com"]
[Source "ChessBase"]
[SourceQuality "1"]
[TimeControl "900+5"]

1. e4 c5 2. Nf3 Nc6 3. d4 cxd4 4. Nxd4 Nf6 5. Nc3 d6 6. Be3 Ng4 7. Bb5 Nxe3 8. fxe3 Bd7 9. O-O e6 10. Bxc6 bxc6 11. Qf3 Qf6 12. Qe2 Qg5 13. Rf3 Be7 14. Rg3 Qe5 15. Nf3 Qc5 16. Rxg7 Bf6 17. Rg3 Rb8 18. e5 Bxe5 19. Rg5 Rxb2 20. Nxe5 Qxc3 21. Nxd7 Rxc2 22. Nf6+ Qxf6 23. Qxc2 Qxa1+ 24. Kf2 Qf6+ 25. Kg1 Qxg5 26. Qxc6+ Kf8 27. Qxd6+ Kg7 28. Qd4+ e5 29. Qxa7 Rd8 0-1

[Event "European Online Club-ch-H 2021"]
[Site "Online"]
[Date "2021.03.27"]
[Round "4.18"]
[White "Asadli, Vugar"]
[Black "Braun, Arik"]
[Result "0-1"]
[ECO "B13"]
[WhiteElo "2572"]
[BlackElo "2609"]
[Annotator "ChessBase"]
[PlyCount "114"]
[EventDate "2021.03.27"]
[EventType "team-tourn"]
[EventCountry "NET"]
[SourceTitle "playchess.com"]
[Source "ChessBase"]
[SourceQuality "1"]
[TimeControl "900+5"]

1. e4 c6 2. d4 d5 3. exd5 cxd5 4. Bd3 Nc6 5. c3 Nf6 6. Bf4 Bg4 7. Qb3 Na5 8. Qa4+ Bd7 9. Qc2 Qb6 10. Qe2 Bg4 11. f3 Bd7 12. Nh3 Bxh3 13. gxh3 e6 14. Rg1 Nc6 15. a4 a6 16. Kf1 Nh5 17. Bg3 g6 18. f4 Bd6 19. f5 Nxg3+ 20. hxg3 gxf5 21. Bxf5 O-O-O 22. Bd3 Kb8 23. a5 Nxa5 24. b4 Nb3 25. Ra3 Nc1 26. Qd2 Nxd3 27. Qxd3 Rhg8 28. Nd2 Rg6 29. g4 f5 30. g5 h6 31. h4 hxg5 32. hxg5 Rh8 33. Nf3 Bf4 34. Ra2 Rh3 35. Rf2 Qc7 36. Ke2 Rxg5 37. Rxg5 Bxg5 38. b5 a5 39. Rg2 Bf4 40. Rg6 Qf7 41. Rg2 Ka7 42. c4 dxc4 43. b6+ Kxb6 44. Qxc4 Qc7 45. Qxe6+ Ka7 46. Qb3 Qc6 47. d5 Qa6+ 48. Kf2 a4 49. Qb4 Bd6 50. Qd4+ Qb6 51. Qxb6+ Kxb6 52. Rg8 a3 53. Ra8 Kb5 54. Nd4+ Kc4 55. Nxf5 Bc5+ 56. Ke2 Kxd5 57. Ra5 b6 0-1

[Event "European Online Club-ch-H 2021"]
[Site "Online"]
[Date "2021.03.27"]
[Round "4.19"]
[White "Wagner, Dennis"]
[Black "Suleymanli, Aydin"]
[Result "1-0"]
[ECO "B12"]
[WhiteElo "2581"]
[BlackElo "2512"]
[Annotator "ChessBase"]
[PlyCount "87"]
[EventDate "2021.03.27"]
[EventType "team-tourn"]
[EventCountry "NET"]
[SourceTitle "playchess.com"]
[Source "ChessBase"]
[SourceQuality "1"]
[TimeControl "900+5"]

1. e4 c6 2. d4 d5 3. e5 Bf5 4. Nf3 e6 5. Be2 Ne7 6. c3 h6 7. O-O g5 8. a4 Bg7 9. Na3 O-O 10. Nc2 Nd7 11. Ne3 f6 12. Nxf5 Nxf5 13. exf6 Qxf6 14. a5 a6 15. Bd3 Rae8 16. Ra4 c5 17. h3 c4 18. Bb1 Nd6 19. Rb4 Rf7 20. Nh2 e5 21. dxe5 Qxe5 22. Bg6 Qe6 23. Bxf7+ Qxf7 24. Re1 Ne5 25. Ng4 Nd3 26. Rxe8+ Nxe8 27. Rb6 h5 28. Nh6+ Bxh6 29. Rxh6 Qxf2+ 30. Kh2 Nf6 31. Qf3 Qxf3 32. gxf3 Kg7 33. Bxg5 Nh7 34. Be3 Nf6 35. Bg5 Nh7 36. h4 Ne5 37. Rb6 Nxf3+ 38. Kg2 Nhxg5 39. hxg5 Nxg5 40. Rxb7+ Kf6 41. Rb6+ Ke5 42. Rxa6 Ne6 43. Rxe6+ Kxe6 44. a6 1-0

[Event "European Online Club-ch-H 2021"]
[Site "Online"]
[Date "2021.03.27"]
[Round "4.20"]
[White "Sadikhov, Ulvi"]
[Black "Buhmann, Rainer"]
[Result "1/2-1/2"]
[ECO "C55"]
[WhiteElo "2490"]
[BlackElo "2580"]
[Annotator "ChessBase"]
[PlyCount "127"]
[EventDate "2021.03.27"]
[EventType "team-tourn"]
[EventCountry "NET"]
[SourceTitle "playchess.com"]
[Source "ChessBase"]
[SourceQuality "1"]
[TimeControl "900+5"]

1. e4 e5 2. Nf3 Nc6 3. Bc4 Nf6 4. d3 Be7 5. c3 O-O 6. Bb3 d5 7. Nbd2 Be6 8. O-O Re8 9. Re1 Bf8 10. exd5 Bxd5 11. Ne4 Bxb3 12. Nxf6+ Qxf6 13. Qxb3 Rab8 14. Be3 Bd6 15. Rad1 h6 16. Qc4 Qg6 17. Nh4 Qh5 18. Nf3 a6 19. h3 Qg6 20. Nh4 Qh5 21. Nf3 Rbd8 22. b4 Qg6 23. Nh4 Qe6 24. Qxe6 Rxe6 25. g4 Bf8 26. Nf5 Kh7 27. Kf1 g6 28. Ng3 Ne7 29. c4 b6 30. Bc1 Nc6 31. a3 Red6 32. Re3 Bg7 33. Bb2 Kg8 34. Ne4 R6d7 35. Rf3 Nd4 36. Bxd4 Rxd4 37. Ke2 Kf8 38. h4 Ke7 39. h5 c6 40. Rc1 Ke6 41. c5 b5 42. g5 Ke7 43. hxg6 fxg6 44. gxh6 Bxh6 45. Rh1 Bf4 46. Rh7+ Ke6 47. Rc7 a5 48. bxa5 Ra4 49. Rxc6+ Kd5 50. Rxg6 Rxa5 51. c6 Ra7 52. Rh3 Rc7 53. Rh1 Rxc6 54. Rxc6 Kxc6 55. Rb1 Ra8 56. Rb3 Bh6 57. Nc3 Ra5 58. Ne4 Bf8 59. Rc3+ Kb6 60. Nf6 Bxa3 61. Nd7+ Kb7 62. Nxe5 Bd6 63. d4 b4 64. Rb3 1/2-1/2

[Event "European Online Club-ch-H 2021"]
[Site "Online"]
[Date "2021.03.27"]
[Round "5.1"]
[White "Mamedov, Rauf"]
[Black "Samani, Yamac"]
[Result "1-0"]
[ECO "B50"]
[WhiteElo "2654"]
[BlackElo "2246"]
[Annotator "ChessBase"]
[PlyCount "71"]
[EventDate "2021.03.27"]
[EventType "team-tourn"]
[EventCountry "NET"]
[SourceTitle "playchess.com"]
[Source "ChessBase"]
[SourceQuality "1"]
[TimeControl "900+5"]

1. e4 c5 2. Nf3 d6 3. Nc3 Nc6 4. g3 g6 5. Bg2 Bg7 6. O-O e5 7. a3 Nge7 8. b4 O-O 9. Rb1 b6 10. d3 h6 11. Nd2 Be6 12. Nd5 Rc8 13. Nc4 f5 14. b5 Nb8 15. a4 g5 16. Nxe7+ Qxe7 17. exf5 Rxf5 18. a5 Nd7 19. axb6 axb6 20. Ra1 e4 21. Ra7 Bxc4 22. dxc4 Qe6 23. Re1 Bd4 24. Rxe4 Bxf2+ 25. Kh1 Ne5 26. Bb2 Kh8 27. Bh3 Rcf8 28. Qd5 Qxd5 29. cxd5 R8f7 30. Rxf7 Rxf7 31. Bxe5+ dxe5 32. c3 c4 33. d6 Rf8 34. d7 Bc5 35. Rxe5 Kg7 36. Re8 1-0

[Event "European Online Club-ch-H 2021"]
[Site "Online"]
[Date "2021.03.27"]
[Round "5.2"]
[White "Agdelen, Huseyin Can"]
[Black "Suleymanli, Aydin"]
[Result "0-1"]
[ECO "B12"]
[WhiteElo "2206"]
[BlackElo "2512"]
[Annotator "ChessBase"]
[PlyCount "72"]
[EventDate "2021.03.27"]
[EventType "team-tourn"]
[EventCountry "NET"]
[SourceTitle "playchess.com"]
[Source "ChessBase"]
[SourceQuality "1"]
[TimeControl "900+5"]

1. e4 c6 2. d4 d5 3. e5 Bf5 4. h4 h6 5. g4 Bd7 6. Nc3 e6 7. Nf3 c5 8. Be3 Qb6 9. Qd2 h5 10. gxh5 Na6 11. Rg1 Nh6 12. dxc5 Nxc5 13. Nd4 a6 14. O-O-O Rc8 15. Bh3 Qc7 16. Nb3 Na4 17. Nxa4 Bxa4 18. Kb1 Ng8 19. Rg4 Bd7 20. c4 Rxh5 21. cxd5 exd5 22. Qxd5 Be6 23. Qd2 Qxe5 24. Rd4 Be7 25. Bf4 Qf6 26. Bxe6 Qxe6 27. Bg3 Nh6 28. Ka1 Nf5 29. Rd3 Kf8 30. Re1 Qb6 31. Rd7 Re8 32. Bc7 Qc6 33. Bd8 Bd6 34. Rxe8+ Kxe8 35. Qe2+ Kxd7 36. Qxh5 Qh1+ 0-1

[Event "European Online Club-ch-H 2021"]
[Site "Online"]
[Date "2021.03.27"]
[Round "5.3"]
[White "Sadikhov, Ulvi"]
[Black "Sertbay, Huseyin"]
[Result "1-0"]
[ECO "A36"]
[WhiteElo "2490"]
[BlackElo "2101"]
[Annotator "ChessBase"]
[PlyCount "77"]
[EventDate "2021.03.27"]
[EventType "team-tourn"]
[EventCountry "NET"]
[SourceTitle "playchess.com"]
[Source "ChessBase"]
[SourceQuality "1"]
[TimeControl "900+5"]

1. b3 c5 2. Bb2 Nc6 3. g3 e5 4. Bg2 d6 5. e3 g6 6. Ne2 Bg7 7. c4 Nge7 8. O-O O-O 9. Nbc3 Be6 10. Nd5 Rb8 11. d3 b5 12. Qd2 Qd7 13. f4 f5 14. Rac1 b4 15. Rcd1 Bf7 16. d4 cxd4 17. exd4 e4 18. Nxe7+ Qxe7 19. d5 Nd8 20. Bxg7 Kxg7 21. Nd4 Re8 22. Rfe1 Qf6 23. Re3 Nb7 24. Nc6 Nc5 25. Nxb4 Rb6 26. Nc6 a6 27. Bf1 g5 28. fxg5 Qxg5 29. Qf2 Bh5 30. Rde1 Nd7 31. Nd4 Ne5 32. Nxf5+ Kh8 33. Rxe4 Rf8 34. Rxe5 dxe5 35. Qxb6 Qxf5 36. Qe3 Kg8 37. Bg2 Bg6 38. d6 Rd8 39. c5 1-0

[Event "European Online Club-ch-H 2021"]
[Site "Online"]
[Date "2021.03.27"]
[Round "5.4"]
[White "Atasoy, Ata"]
[Black "Ahmadzada, Ahmad"]
[Result "0-1"]
[ECO "B95"]
[WhiteElo "1636"]
[BlackElo "2431"]
[Annotator "NA"]
[PlyCount "102"]
[EventDate "2021.03.27"]
[EventType "team-tourn"]
[EventCountry "NET"]
[SourceTitle "playchess.com"]
[Source "ChessBase"]
[SourceQuality "1"]
[TimeControl "900+5"]

1. e4 c5 2. Nf3 e6 3. d4 cxd4 4. Nxd4 Nf6 5. Nc3 d6 6. Bg5 Be7 7. Qd2 O-O 8. O-O-O a6 9. f4 b5 10. Bd3 Bb7 11. e5 dxe5 12. fxe5 Nfd7 13. Bxe7 Qxe7 14. Qf4 Nc5 15. Ne4 Bxe4 16. Bxe4 Ra7 17. Nf3 Nxe4 18. Qxe4 Rc8 19. Rd6 Rac7 20. Rhd1 h6 21. R1d2 Nc6 22. g4 a5 23. h4 Nb4 24. c3 Nd5 25. R2xd5 exd5 26. Qxd5 b4 27. Kd2 bxc3+ 28. bxc3 Rxc3 29. Rd7 R3c5 30. Rxe7 Rxd5+ 31. Ke3 Rc3+ 32. Ke2 Rb5 33. Rd7 Rb2+ 34. Nd2 Rg3 35. g5 hxg5 36. hxg5 Rxg5 37. Rd5 Kh7 38. Kf3 Rxa2 39. Ne4 Rf5+ 40. Kg4 g6 41. Nf6+ Kg7 42. Ne8+ Kh6 43. Nf6 Rg2+ 44. Kh3 Rg1 45. Rd8 Rxe5 46. Rh8+ Kg7 47. Ra8 Kxf6 48. Ra6+ Kg7 49. Kh2 Rgg5 50. Kh3 Re8 51. Kh4 Rg1 0-1

[Event "European Online Club-ch-H 2021"]
[Site "Online"]
[Date "2021.03.27"]
[Round "5.5"]
[White "Nagy, Gabor"]
[Black "Banusz, Tamas"]
[Result "0-1"]
[ECO "D27"]
[WhiteElo "2509"]
[BlackElo "2631"]
[Annotator "ChessBase"]
[PlyCount "60"]
[EventDate "2021.03.27"]
[EventType "team-tourn"]
[EventCountry "NET"]
[SourceTitle "playchess.com"]
[Source "ChessBase"]
[SourceQuality "1"]
[TimeControl "900+5"]

1. d4 d5 2. c4 e6 3. Nf3 Nf6 4. Nc3 dxc4 5. e3 a6 6. Bxc4 b5 7. Bb3 Bb7 8. O-O c5 9. e4 cxd4 10. Nxd4 Nbd7 11. Bxe6 fxe6 12. Nxe6 Qb6 13. Nd5 Bxd5 14. exd5 Kf7 15. Re1 Bd6 16. Ng5+ Kg8 17. Re6 h6 18. Nf3 Nf8 19. Re2 Rd8 20. Nd4 Bc5 21. Be3 Rxd5 22. Rd2 Ng6 23. Qc2 Kh7 24. Nf5 Rxd2 25. Bxd2 Bxf2+ 26. Kh1 Re8 27. Rf1 Qc5 28. Bc3 Re1 29. Rxe1 Bxe1 30. Nh4 Bxh4 0-1

[Event "European Online Club-ch-H 2021"]
[Site "Online"]
[Date "2021.03.27"]
[Round "5.6"]
[White "Braun, Arik"]
[Black "Mihok, Oliver"]
[Result "1-0"]
[ECO "E61"]
[WhiteElo "2609"]
[BlackElo "2540"]
[Annotator "ChessBase"]
[PlyCount "69"]
[EventDate "2021.03.27"]
[EventType "team-tourn"]
[EventCountry "NET"]
[SourceTitle "playchess.com"]
[Source "ChessBase"]
[SourceQuality "1"]
[TimeControl "900+5"]

1. d4 Nf6 2. c4 g6 3. Nf3 Bg7 4. e3 O-O 5. Be2 d6 6. Nc3 Nbd7 7. O-O e5 8. Qc2 Re8 9. Rd1 e4 10. Nd2 Qe7 11. b4 Nf8 12. a4 h5 13. b5 Bf5 14. Ba3 c5 15. bxc6 bxc6 16. Rab1 N8h7 17. Qb3 Rac8 18. Qb4 Bf8 19. Qa5 Ng4 20. h3 Nh6 21. Nf1 Qh4 22. Ng3 Ng5 23. Nxf5 Nxf5 24. Bf1 Bh6 25. Rb2 Rb8 26. Rdb1 Rxb2 27. Rxb2 Nf3+ 28. gxf3 exf3 29. Nd1 Re4 30. Rb8+ Kg7 31. Qd8 Rg4+ 32. Kh1 Qxd8 33. Rxd8 Rh4 34. Bxd6 Bg5 35. Be5+ 1-0

[Event "European Online Club-ch-H 2021"]
[Site "Online"]
[Date "2021.03.27"]
[Round "5.7"]
[White "Glek, Igor"]
[Black "Wagner, Dennis"]
[Result "0-1"]
[ECO "C26"]
[WhiteElo "2475"]
[BlackElo "2581"]
[Annotator "ChessBase"]
[PlyCount "94"]
[EventDate "2021.03.27"]
[EventType "team-tourn"]
[EventCountry "NET"]
[SourceTitle "playchess.com"]
[Source "ChessBase"]
[SourceQuality "1"]
[TimeControl "900+5"]

1. e4 e5 2. Nf3 Nc6 3. Nc3 Nf6 4. g3 Bc5 5. Bg2 d6 6. d3 a5 7. O-O O-O 8. Ne2 h6 9. c4 Bg4 10. h3 Bxf3 11. Bxf3 Nd4 12. Bg2 c6 13. Kh2 Nxe2 14. Qxe2 a4 15. Rb1 b5 16. cxb5 cxb5 17. f4 Bd4 18. Bd2 Rc8 19. Bb4 Bc5 20. Bc3 Nd7 21. Rbc1 b4 22. Bd2 Qb6 23. h4 Bd4 24. Rxc8 Rxc8 25. Bh3 Rc7 26. Bxd7 Rxd7 27. f5 f6 28. Qh5 Rf7 29. Rc1 Bxb2 30. Rf1 Bc3 31. Qd1 Bxd2 32. Qxd2 Rc7 33. Rc1 Rxc1 34. Qxc1 Qf2+ 35. Kh3 Qxa2 36. Qc8+ Kh7 37. Qe8 a3 38. g4 Qg8 39. Qg6+ Kh8 40. g5 a2 41. gxh6 a1=Q 42. hxg7+ Qxg7 43. Qh5+ Qh7 44. Qe8+ Qg8 45. Qh5+ Kg7 46. Qg6+ Kf8 47. Qxf6+ Ke8 0-1

[Event "European Online Club-ch-H 2021"]
[Site "Online"]
[Date "2021.03.27"]
[Round "5.8"]
[White "Buhmann, Rainer"]
[Black "Harff, Marcel"]
[Result "0-1"]
[ECO "E14"]
[WhiteElo "2580"]
[BlackElo "2360"]
[Annotator "ChessBase"]
[PlyCount "74"]
[EventDate "2021.03.27"]
[EventType "team-tourn"]
[EventCountry "NET"]
[SourceTitle "playchess.com"]
[Source "ChessBase"]
[SourceQuality "1"]
[TimeControl "900+5"]

1. d4 Nf6 2. Nf3 e6 3. c4 d5 4. e3 Be7 5. b3 O-O 6. Bd3 c5 7. O-O Nc6 8. Bb2 b6 9. Nbd2 Bb7 10. Rc1 Rc8 11. Re1 Re8 12. dxc5 bxc5 13. cxd5 Nxd5 14. Bb1 Ndb4 15. Ne4 Qb6 16. Nfg5 h6 17. Nxf7 Kxf7 18. Qh5+ Kg8 19. Bxg7 Kxg7 20. Nf6 Bxf6 21. Qg6+ Kf8 22. Qxf6+ Kg8 23. Rc4 Nd4 24. exd4 e5 25. Qxb6 axb6 26. dxe5 Rc7 27. Rh4 Rg7 28. g3 Nc6 29. Rxh6 Nxe5 30. Re3 Nf3+ 31. Kf1 Rxe3 32. fxe3 Nd2+ 33. Ke2 Nxb1 34. Kd3 b5 35. Rh5 Rd7+ 36. Kc2 Be4+ 37. Kc1 c4 0-1

[Event "European Online Club-ch-H 2021"]
[Site "Online"]
[Date "2021.03.27"]
[Round "5.10"]
[White "Eljanov, Pavel"]
[Black "Olsen, Filip Boe"]
[Result "1-0"]
[ECO "B91"]
[WhiteElo "2672"]
[BlackElo "2379"]
[Annotator "ChessBase"]
[PlyCount "51"]
[EventDate "2021.03.27"]
[EventType "team-tourn"]
[EventCountry "NET"]
[SourceTitle "playchess.com"]
[Source "ChessBase"]
[SourceQuality "1"]
[TimeControl "900+5"]

1. e4 c5 2. Nc3 d6 3. Nge2 Nf6 4. g3 g6 5. Bg2 Bg7 6. O-O O-O 7. d4 cxd4 8. Nxd4 a6 9. h3 Bd7 10. Be3 Nc6 11. Nde2 b5 12. Nd5 Nxd5 13. exd5 Na5 14. Bd4 Rc8 15. Re1 Bf5 16. Bxg7 Kxg7 17. Nd4 Bd7 18. b3 Re8 19. Qd2 e5 20. dxe6 fxe6 21. Rad1 Kg8 22. Re3 d5 23. Rde1 Nc6 24. Nxe6 Qf6 25. Qxd5 Kh8 26. Qxd7 1-0

[Event "European Online Club-ch-H 2021"]
[Site "Online"]
[Date "2021.03.27"]
[Round "5.11"]
[White "Pajeken, Jakob Leon"]
[Black "Baklan, Vladimir"]
[Result "1/2-1/2"]
[ECO "E62"]
[WhiteElo "2323"]
[BlackElo "2587"]
[Annotator "ChessBase"]
[PlyCount "109"]
[EventDate "2021.03.27"]
[EventType "team-tourn"]
[EventCountry "NET"]
[SourceTitle "playchess.com"]
[Source "ChessBase"]
[SourceQuality "1"]
[TimeControl "900+5"]

1. d4 Nf6 2. Nf3 g6 3. g3 Bg7 4. Bg2 O-O 5. O-O d6 6. c4 c6 7. Nc3 Bf5 8. Qe1 d5 9. b3 Ne4 10. Be3 Nxc3 11. Qxc3 Be4 12. Rfd1 e6 13. Qb4 Qb6 14. Qd2 Qd8 15. Qb4 Qb6 16. Qd2 Qd8 17. h4 Nd7 18. Rac1 a5 19. cxd5 exd5 20. Bg5 Nf6 21. Qf4 Nh5 22. Qe3 Qc7 23. g4 Nf6 24. Ne5 Bxg2 25. Kxg2 Rae8 26. Qf3 Ne4 27. Bf4 Qd8 28. Rh1 f6 29. Nd3 f5 30. Be5 fxg4 31. Qxg4 Nf6 32. Qg5 Qc8 33. f3 Nh5 34. Bxg7 Kxg7 35. Ne5 Nf4+ 36. Kf1 Ne6 37. Qd2 Qd8 38. Kf2 Nf4 39. e3 Nh5 40. Rcg1 Qf6 41. Qe2 Re7 42. Rg5 c5 43. Rhg1 cxd4 44. Rxh5 Rxe5 45. Rxe5 Qxe5 46. exd4 Qxd4+ 47. Kg2 Qf6 48. Rd1 Rd8 49. Qb5 Qxh4 50. Qxb7+ Kg8 51. Rxd5 Re8 52. Re5 Rd8 53. Rd5 Re8 54. Re5 Rd8 55. Rd5 1/2-1/2